 Dungeon Crawl Stone Soup version 0.27-a0-631-g2d681adce0 (webtiles) character file.

Game seed: 5569041510277887292

438 tilp the Insei (level 7, -3/48 HPs)
             Began as an Octopode Transmuter on Mar 13, 2021.
             Slain by an ice beast (9 damage)
             ... on level 5 of the Dungeon.
             The game lasted 00:06:49 (5528 turns).

tilp the Insei (Octopode Transmuter)                Turns: 5528, Time: 00:06:50

Health: -3/48      AC:  1    Str:  9    XL:     7   Next: 1%
Magic:  9/10       EV: 13    Int: 17    God:
Gold:   173        SH:  0    Dex: 13    Spells: 4/10 levels left

rFire    . . .     SeeInvis .     - Unarmed
rCold    . . .     Faith    .   (no shield)
rNeg     . . .     Spirit   .   (helmet restricted)
rPois    .         Reflect  .   l - amulet of the acrobat
rElec    .         Harm     .   (no ring)
rCorr    .         Rampage  .   (no ring)
Will     .....                  (no ring)
Stlth    +++.......             (no ring)
HPRegen  0.16/turn              (no ring)
MPRegen  0.12/turn              (no ring)
                                (no ring)
                                (no ring)

@: no status effects
A: almost no armour, amphibious, 8 rings, camouflage 1, gelatinous body 1,
nimble swimmer 1, tentacles
a: no special abilities


You were on level 5 of the Dungeon.
You visited 1 branch of the dungeon, and saw 5 of its levels.

You collected 173 gold pieces.

Inventory:

Missiles
 a - 149 stones
 g - 18 poisoned darts (quivered)
Jewellery
 l - an amulet of the acrobat (around mantle)
Wands
 e - a wand of flame (6)
 k - a wand of charming (8)
Scrolls
 b - a scroll of random uselessness {unknown}
 c - a scroll of noise {unknown}
 d - a scroll of fear {unknown}
 f - a scroll of teleportation {unknown}
 h - a scroll of immolation
 i - 2 scrolls of identify
 j - a scroll of amnesia {unknown}
 o - a scroll of enchant armour {unknown}
 p - a scroll of enchant weapon {unknown}
Potions
 n - a potion of might


   Skills:
 - Level 4.0 Fighting
 - Level 2.0 Dodging
 - Level 4.0 Stealth
 + Level 5.7 Unarmed Combat
 - Level 2.0 Spellcasting
 - Level 2.0 Transmutations


You had 4 spell levels left.
You knew the following spells:

 Your Spells              Type           Power      Damage    Failure   Level
a - Beastly Appendage     Tmut           16%        N/A       9%          1
b - Wereblood             Tmut           8%         N/A       13%         2
c - Spider Form           Tmut/Pois      2%         N/A       36%         3

Your spell library contained the following spells:

 Spells                   Type           Power      Damage    Failure   Level
 Ice Form                 Ice/Tmut       5%         N/A       77%         4
 Blade Hands              Tmut           4%         N/A       93%         5


Dungeon Overview and Level Annotations

Branches:
Dungeon (5/15)
 Temple: D:4-7

Altars:
Dithmenos
Hepliaklqana
Ru
Trog
Wu Jian
Yredelemnul
Beogh

Annotations:
D:2 Sigmund
D:5 exclusion: ice beast


Innate Abilities, Weirdness & Mutations

You cannot wear most types of armour.
You are amphibious.
You can wear up to eight rings at the same time.
Your skin changes colour to match your surroundings (Stealth+).
Your rubbery body absorbs attacks. (AC +1, EV +1)
You are stealthy while swimming. (Stealth+)
You have tentacles for arms and can constrict up to eight enemies at once.


Message History

Press: ? - help, Shift-Dir - straight line, f/p - ice beast
Aim: an ice beast (32% to evade)
The puff of flame hits the ice beast but does no damage.
You closely miss the ice beast.
You pierce the ice beast.
The ice beast is lightly wounded.
You closely miss the ice beast.
You pierce the ice beast, but do no damage.
The ice beast is lightly wounded.
Your tentacle spike disappears.
Your primal bloodlust is almost over.
The ice beast hits you. The ice beast freezes you!
You closely miss the ice beast.
The ice beast is lightly wounded.
The ice beast hits you. The ice beast freezes you!
You tentacle-slap the ice beast.
The ice beast is moderately wounded.
The ice beast barely misses you.
You barely miss the ice beast.
The ice beast is moderately wounded.
The ice beast hits you. The ice beast freezes you!
* * * LOW HITPOINT WARNING * * *
You tentacle-slap the ice beast.
The ice beast is moderately wounded.
The ice beast hits you but does no damage.
Unknown command.
You tentacle-slap the ice beast.
You squeeze the ice beast, but do no damage.
The ice beast is heavily wounded.
The ice beast hits you but does no damage.
You tentacle-slap the ice beast.
You squeeze the ice beast, but do no damage.
The ice beast is severely wounded.
Your primal bloodlust has ended.
The ice beast barely misses you.
You tentacle-slap the ice beast but do no damage.
You squeeze the ice beast.
The ice beast is severely wounded.
The ice beast hits you.
* * * LOW HITPOINT WARNING * * *
The ice beast freezes you!
You die...

#+# #.#
#.# #.#
#†# #@#
#Y# #.#
#.# #<#
#.?..F#
#...#.#
.(..#
....#


You could see an ice beast.

Vanquished Creatures
  A phantom (D:4)
  A bullfrog (D:5)
  An orc priest (D:4)
  A hound (D:4)
  2 orc wizards (D:4)
  The ghost of semitonal the Gusty, a weakling DrAE (D:3)
  4 adders
  An ufetubus (D:3)
  2 oozes (D:4)
  A worm (D:5)
  2 dart slugs
  3 leopard geckos
  13 orcs
  6 bats
  7 giant cockroaches
  7 goblins
  5 hobgoblins
  8 jackals
  8 kobolds
  5 quokkas
  A ball python (D:4)
  3 frilled lizards
  A jackal skeleton (D:4)
  7 rats
91 creatures vanquished.

Vanquished Creatures (others)
  An orc wizard (D:4)
1 creature vanquished.

Grand Total: 92 creatures vanquished

Notes
Turn   | Place    | Note
-------+----------+-------------------------------------------
     0 | D:1      | tilp the Octopode Transmuter began the quest for the Orb.
     0 | D:1      | Reached XP level 1. HP: 13/13 MP: 3/3
    74 | D:1      | Reached skill level 1 in Stealth
    89 | D:1      | Reached XP level 2. HP: 11/18 MP: 3/5
    92 | D:1      | Learned a level 2 spell: Wereblood
   757 | D:1      | Reached XP level 3. HP: 22/23 MP: 2/6
  1433 | D:2      | Noticed Sigmund
  1766 | D:2      | Found a hazy altar of Hepliaklqana.
  2099 | D:2      | Reached XP level 4. HP: 25/29 MP: 3/7
  3373 | D:3      | Found a shadowy altar of Dithmenos.
  3773 | D:3      | Found a runed translucent gate.
  3792 | D:3      | Found a runed translucent gate.
  3792 | D:3      | Noticed semitonal's ghost (weakling DrAE)
  3792 | D:3      | Identified the +0 leather armour of the Thirsty Tables
                  | {-Cast rF++ Int+4 Stlth+}
  3793 | D:3      | Found a runed translucent gate.
  3824 | D:3      | Reached XP level 5. HP: 27/35 MP: 4/8
  3834 | D:3      | Killed semitonal's ghost
  3835 | D:3      | Reached skill level 4 in Unarmed Combat
  4507 | D:4      | Reached XP level 6. HP: 19/42 MP: 6/9
  4892 | D:4      | Found a bloodstained altar of Trog.
  4897 | D:4      | Found a basalt altar of Yredelemnul.
  5059 | D:4      | Reached skill level 5 in Unarmed Combat
  5314 | D:4      | Found an ornate altar of the Wu Jian Council.
  5314 | D:4      | Found a sacrificial altar of Ru.
  5384 | D:4      | Learned a level 3 spell: Spider Form
  5411 | D:5      | Entered Level 5 of the Dungeon
  5411 | D:5      | Noticed an ice beast
  5515 | D:5      | Noticed an ice beast
  5518 | D:5      | Reached XP level 7. HP: 40/48 MP: 7/10
  5528 | D:5      | Slain by an ice beast

Illustrated notes

Levels and vault maps discovered:
D:1:      matt_arrival_spirals, layout_loops_ring
D:2:      layout_basic, nicolae_hepliaklqana_hazy_memory,
          kennysheep_generic_room_15, uniq_sigmund
D:3:      layout_basic, lemuel_crystal_altar, biasface_ghost_orc_armoury
D:4:      layout_basic, minitemple, gammafunk_temple_overflow_wave
D:5:      layout_basic, uniq_duvessa

Skill      XL: |  1  2  3  4  5  6 |
---------------+-------------------+-----
Stealth        | 2 3 4 |  4.0
Fighting       | 2 3 4 |  4.0
Unarmed Combat | 4 5 |  5.7
Dodging        | |  2.0
Spellcasting   | |  2.0
Transmutations | |  2.0

Action                   |  1- 3 |  4- 6 |  7- 9 || total
-------------------------+-------+-------+-------++-------
Melee: Unarmed           |    91 |   148 |     9 ||   248
       Kick              |    13 |    24 |     2 ||    39
       Constrict         |    28 |    31 |       ||    59
       Tentacles         |    19 |    32 |     3 ||    54
       Punch             |       |     5 |       ||     5
Throw: Stone             |     1 |       |       ||     1
       Dart              |       |       |     1 ||     1
 Cast: Beastly Appendage |     9 |    15 |       ||    24
       Wereblood         |     3 |     7 |       ||    10
Evoke: Wand              |       |     6 |     1 ||     7
  Use: Scroll            |       |     2 |       ||     2
       Potion            |       |     3 |       ||     3
 Stab: Sleeping          |    13 |    13 |       ||    26
Armor: Skin              |     6 |     5 |     2 ||    13
Dodge: Dodged            |    49 |    75 |     2 ||   126

Table legend: (Time is in decaauts)
 A = Elapsed time spent in this place.
 B = Non-inter-level travel time spent in this place.
 C = Inter-level travel time spent in this place.
 D = Time resting spent in this place.
 E = Time spent auto-exploring this place.
 F = Levels seen in this place.
 G = Mean time per level.
                   A        B        C        D        E       F      G
               +--------+--------+--------+--------+--------+-----+--------+
         Total |   5514 |   5201 |    313 |    965 |   3574 |   5 | 1102.8 |
       Dungeon |   5514 |   5201 |    313 |    965 |   3574 |   5 | 1102.8 |
               +--------+--------+--------+--------+--------+-----+--------+

Top non-repeatable levels by time:
     D:2: 1508 daAuts
     D:1: 1448 daAuts
     D:4: 1366 daAuts
     D:3: 1135 daAuts
     D:5: 55 daAuts
